 Dungeon Crawl Stone Soup version 0.22.1-2-g9c5b331 (webtiles) character file.

105 delarado the Firebug (level 4, 0/24 HPs)
             Began as a Deep Elf Fire Elementalist on Dec 11, 2018.
             Slain by a worm (8 damage)
             ... on level 3 of the Dungeon.
             The game lasted 00:08:14 (2639 turns).

delarado the Firebug (Deep Elf Fire Elementalist)   Turns: 2639, Time: 00:08:16

Health: 0/24       AC:  4    Str:  5    XL:     4   Next: 54%
Magic:  1/10       EV: 13    Int: 21    God:
Gold:   83         SH:  0    Dex: 15    Spells: 3/9 levels left

rFire    . . .     SeeInvis .   j - +1 hand axe (chop)
rCold    . . .     Gourm    .   (no shield)
rNeg     . . .     Faith    .   a - +0 robe
rPois    .         Spirit   .   (no helmet)
rElec    .         Reflect  .   (no cloak)
rCorr    .         Harm     .   l - +1 pair of gloves
MR       .....                  (no boots)
Stlth    ++........             (no amulet)
HPRegen  0.08/turn              (no ring)
MPRegen  0.12/turn              (no ring)

@: no status effects
A: no striking features
a: no special abilities


You were on level 3 of the Dungeon.
You were not hungry.

You visited 1 branch of the dungeon, and saw 3 of its levels.

You collected 83 gold pieces.

Inventory:

Hand Weapons
 h - a +0 club
 j - a +1 hand axe of chopping (weapon)
 n - a +0 dagger
Missiles
 b - 35 stones (quivered)
 f - 11 poisoned needles
Armour
 a - a +0 robe (worn)
 l - a +1 pair of gloves (worn)
Scrolls
 i - a scroll of immolation
Potions
 d - 2 potions of heal wounds {unknown}
 e - 3 potions of curing {unknown}
 g - 2 potions of cancellation {unknown}
 k - a potion of flight {unknown}
Comestibles
 c - 6 rations
 m - 3 chunks of flesh


   Skills:
 - Level 2.4 Dodging
 - Level 2.4 Stealth
 - Level 3.0 Spellcasting
 + Level 3.5 Conjurations
 + Level 4.8 Fire Magic


You had 3 spell levels left.
You knew the following spells:

 Your Spells              Type           Power        Failure   Level  Hunger
a - Flame Tongue          Conj/Fire      ###..        2%          1    None
b - Throw Flame           Conj/Fire      ###...       3%          2    ##.....
c - Conjure Flame         Conj/Fire      ###.....     8%          3    ###....

Your spell library contained the following spells:

 Spells                   Type           Power        Failure   Level  Hunger
 Animate Skeleton         Necr           N/A          13%         1    None
 Apportation              Tloc           #.....       13%         1    None
 Confusing Touch          Hex            #.....       13%         1    None
 Summon Small Mammal      Summ           #...         13%         1    None
 Inner Flame              Hex/Fire       ##......     16%         3    ###....
 Sticky Flame             Conj/Fire      ###.....     24%         4    ####...
 Fireball                 Conj/Fire      ###.......   56%         5    ######.


Dungeon Overview and Level Annotations

Branches:
Dungeon (3/15)

Altars:
Uskayaw

Portals:
Sewer: D:3


Message History

Throwing (i - inventory)
b - 36 stones (quivered)
Press: ? - help, Shift-Dir - straight line, f/p - worm
Aim: a worm (heavily wounded)
You throw a stone. The stone hits the worm.
The worm is severely wounded.
You hit the worm but do no damage.
The worm is heavily wounded.
The worm misses you.
You hit the worm but do no damage.
The worm is heavily wounded.
You hit the worm.
The worm is severely wounded.
The worm closely misses you.
You hit the worm.
The worm is severely wounded.
The worm bites you!
You hit the worm but do no damage.
The worm is severely wounded.
The worm bites you!
You die...

#.#.............'.........
####'#.............######....
#......#.###..†....########.#
#...)..#.#..........w........
#......#.#.#.#####..........#
#......#.#.#(# #..........#
#......#.#.#(# #..........#
####'###.#.#w# #..........#
### #.# #...#@# #...........
#<# ##'#######.# #..........#
#÷# #..........# ##'#######.#
#.# #.........## #.# #w≈ #.#
#.........# #.# ##.† #.#
#.........#######.# #..† #.#
#..............##. #..≈ #.#
#######........# #..≈
#.#########......... ...#


You could see a worm.

Vanquished Creatures
  6 adders
  A river rat (D:3)
  A dart slug (D:3)
  A leopard gecko (D:1)
  An orc (D:3)
  3 giant cockroaches
  6 goblins
  3 hobgoblins
  4 kobolds
  A quokka (D:3)
  4 bats
  7 rats
38 creatures vanquished.

Notes
Turn   | Place    | Note
-------+----------+-------------------------------------------
     0 | D:1      | delarado the Deep Elf Fire Elementalist began the quest for
                  | the Orb.
     0 | D:1      | Reached XP level 1. HP: 10/10 MP: 6/6
   517 | D:1      | Reached XP level 2. HP: 15/15 MP: 5/8
   823 | D:1      | Learned a level 2 spell: Throw Flame
  1153 | D:2      | Reached skill level 4 in Fire Magic
  1316 | D:2      | Reached XP level 3. HP: 19/19 MP: 3/9
  1428 | D:2      | Found a hide-covered altar of Uskayaw.
  1861 | D:2      | Learned a level 3 spell: Conjure Flame
  2263 | D:3      | Reached XP level 4. HP: 24/24 MP: 3/10
  2547 | D:3      | Found a glowing drain.
  2639 | D:3      | Slain by a worm

Skill      XL: |  1  2  3 |
---------------+----------+-----
Conjurations   | 2 3 |  3.5
Fire Magic     | 4 |  4.8
Dodging        | |  2.4
Stealth        | |  2.4
Spellcasting   | |  3.0

Action                   |  1- 3 |  4- 6 || total
-------------------------+-------+-------++-------
Melee: Hand axe          |       |     5 ||     5
Throw: Stone             |    13 |     9 ||    22
 Cast: Flame Tongue      |    39 |    16 ||    55
       Throw Flame       |    14 |    10 ||    24
       Conjure Flame     |       |     1 ||     1
  Use: Scroll            |     2 |       ||     2
  Eat: Chunk             |     4 |     2 ||     6
Armor: Robe              |     2 |     1 ||     3
Dodge: Dodged            |     6 |     8 ||    14
